 Dungeon Crawl Stone Soup version 0.29-a0-520-gc852659d43 (webtiles) character file.

Game seed: 11005112723588252839

44003 kae the Arsonist (level 13, -5/107 HPs)
             Began as a Demigod Fire Elementalist on May 31, 2022.
             Slain by an eight-headed hydra (7 damage)
             ... on level 4 of the Lair of Beasts.
             The game lasted 00:18:07 (22796 turns).

kae the Arsonist (Demigod Fire Elementalist)       Turns: 22796, Time: 00:18:07

Health: -5/107     AC: 14    Str:  9    XL:     13   Next: 56%
Magic:  18/28      EV: 17    Int: 33    God:
Gold:   1546       SH:  0    Dex: 18    Spells: 7/26 levels left

rFire   + . .      SeeInvis .   L - +5 scimitar of the Lonely Lovers {vorpal, rC+ rN+ Will++}
rCold   + . .      Faith    .   (no shield)
rNeg    + . .      Spirit   .   i - +2 robe of the Trilobite {Will+ Dex+4 Slay+3}
rPois   .          Reflect  .   (no helmet)
rElec   .          Harm     .   I - +0 cloak
rCorr   .          Rampage  .   J - +2 pair of gloves
Will    ++++.                   a - +0 pair of boots
Stlth   ++........              m - amulet of magic regeneration
HPRegen 0.27/turn               v - +4 ring of protection
MPRegen 0.61/turn               y - ring of protection from fire

@: no status effects
A: high MP 1, forlorn, divine attributes
a: no special abilities


You were on level 4 of the Lair of Beasts.
You visited 2 branches of the dungeon, and saw 16 of its levels.
You also visited: Ossuary.

You collected 1888 gold pieces.
You spent 342 gold pieces at shops.

Inventory:

Hand Weapons
 L - the +5 scimitar of the Lonely Lovers (weapon) {vorpal, rC+ rN+ Will++}
   (You bought it in a shop on level 11 of the Dungeon)

   It inflicts extra damage upon your enemies.
   rC:        It protects you from cold.
   rN:        It protects you from negative energy.
   Will:      It greatly increases your willpower.
Missiles
 t - 2 throwing nets
Armour
 a - a +0 pair of boots (worn)
 i - the +2 robe of the Trilobite (worn) {Will+ Dex+4 Slay+3}
   (You found it on level 10 of the Dungeon)

   Dex:       It affects your dexterity (+4).
   Slay:      It affects your accuracy & damage with ranged weapons and melee
   (+3).
   Will:      It increases your willpower.
 u - the +1 robe "Juvin" {rPois rN+}
   (You found it on level 3 of the Dungeon)

   rPois:     It protects you from poison.
   rN:        It protects you from negative energy.
 I - a +0 cloak (worn)
 J - a +2 pair of gloves (worn)
Jewellery
 m - an amulet of magic regeneration (around neck)
 v - a +4 ring of protection (left hand)
 w - an amulet of guardian spirit
 y - a ring of protection from fire (right hand)
 E - a +6 ring of intelligence
 K - a +6 ring of dexterity
Wands
 h - a wand of acid (27)
 j - a wand of flame (41)
 p - a wand of polymorph (10)
 x - a wand of mindburst (46)
 F - a wand of paralysis (5)
 H - a wand of iceblast (12)
 T - a wand of digging (6)
Scrolls
 l - 5 scrolls of teleportation
 r - 5 scrolls of identify
 s - a scroll of poison
 z - a scroll of amnesia
 B - 3 scrolls of fog
 G - a scroll of fear
 N - a scroll of brand weapon
 O - 2 scrolls of blinking
 P - a scroll of enchant armour
 Q - a scroll of summoning
 S - 2 scrolls of magic mapping
Potions
 b - 2 potions of magic
 c - 3 potions of mutation
 d - 2 potions of invisibility
 e - 2 potions of haste
 f - 3 potions of attraction
 g - a potion of brilliance
 k - 2 potions of lignification
 n - a potion of might
 o - 5 potions of degeneration
 q - 3 potions of flight
 A - a potion of ambrosia
 C - 8 potions of curing
 D - 2 potions of heal wounds
 M - a potion of cancellation


   Skills:
 + Level 7.7 Fighting
 - Level 6.5 Armour
 + Level 8.0 Dodging
 - Level 1.7 Stealth
 + Level 7.4 Spellcasting
 * Level 11.0 Conjurations
 * Level 11.3 Fire Magic


You had 7 spell levels left.
You knew the following spells:

 Your Spells              Type           Power      Damage    Failure   Level
a - Foxfire               Conj/Fire      100%       2x1d9     1%          1
b - Scorch                Fire           100%       2d10      1%          2
c - Conjure Flame         Conj/Fire      72%        6-21      1%          3
d - Inner Flame           Hex/Fire       49%        N/A       1%          3
e - Flame Wave            Conj/Fire      72%        2d13      1%          4
f - Blink                 Tloc           24%        N/A       5%          2
g - Sticky Flame          Conj/Fire      72%        2d9       1%          4

Your spell library contained the following spells:

 Spells                   Type           Power      Damage    Failure   Level
 Ignite Poison            Fire/Tmut/Pois 37%        N/A       2%          3
 Sting                    Tmut/Pois      48%        1d5       3%          1
 Hailstorm                Conj/Ice       48%        3d11      3%          4
 Poisonous Vapours        Pois/Air       24%        N/A       5%          2
 Frozen Ramparts          Ice            24%        1d4       11%         3
 Ice Form                 Ice/Tmut       12%        N/A       36%         4
 Olgreb's Toxic Radiance  Pois           12%        N/A       36%         4
 Passage of Golubria      Tloc           12%        N/A       36%         4
 Summon Ice Beast         Ice/Summ       12%        N/A       36%         4
 Manifold Assault         Tloc           12%        N/A       71%         5
 Silence                  Hex/Air        6%         N/A       71%         5
 Dispersal                Tloc           6%         N/A       99%         6
 Simulacrum               Ice/Necr       6%         N/A       99%         6
 Storm Form               Tmut/Air       6%         N/A       100%        7
 Disjunction              Tloc           6%         N/A       100%        8
 Lehudib's Crystal Spear  Conj/Erth      24%        10d7      100%        8


Dungeon Overview and Level Annotations

Branches:
Dungeon (12/15)            Temple (0/1) D:5            Lair (4/6) D:8
  Swamp (0/4) Lair:3        Snake (0/4) Lair:2          Orc (0/2) D:12
Ossuary (visited)

Shops:
D:8 [![   D:9 =   D:11 (

Annotations:
D:3 1 runed translucent door, Crazy Yiuf
D:4 3 runed translucent doors, zkyp's ghost, weakling DgDe
D:9 2 transporters
D:11 1 runed translucent door, Duga's ghost, journeyman DsFi
Lair:1 2 transporters


Innate Abilities, Weirdness & Mutations

You have an increased reservoir of magic. (+10% MP)
You shall have no god before yourself.
Your divine heritage dramatically boosts your attributes as you level up.


Message History

The eight-headed hydra bites you.
* * * LOW HITPOINT WARNING * * *
The eight-headed hydra bites you but does no damage.
The eight-headed hydra burns!
A yak comes into view.
The eight-headed hydra barely misses you. x2
The eight-headed hydra bites you but does no damage.
The eight-headed hydra misses you.
The eight-headed hydra closely misses you.
The eight-headed hydra bites you.
* * * LOW HITPOINT WARNING * * *
The eight-headed hydra bites you.
* * * LOW HITPOINT WARNING * * *
The eight-headed hydra misses you.
Casting: Scorch (safe; 1% risk of failure)
Confirm with . or Enter, or press ? or * to list all spells.
Flames lash the eight-headed hydra.
The eight-headed hydra is burned terribly!
The eight-headed hydra is almost dead.
The yak bellows!
The eight-headed hydra burns!
The eight-headed hydra bites you but does no damage.
The eight-headed hydra completely misses you.
The eight-headed hydra barely misses you.
The eight-headed hydra closely misses you.
The eight-headed hydra bites you.
* * * LOW HITPOINT WARNING * * *
The eight-headed hydra bites you.
* * * LOW HITPOINT WARNING * * *
The eight-headed hydra closely misses you.
The eight-headed hydra bites you!
* * * LOW HITPOINT WARNING * * *
The eight-headed hydra burns!
A yak comes into view.
The eight-headed hydra bites you!
* * * LOW HITPOINT WARNING * * *
The eight-headed hydra bites you but does no damage. x2
The eight-headed hydra barely misses you.
The eight-headed hydra bites you!
You die...

Y......>....
...........
##Y.........
#...........
#...........
##.......... #
#....D...... #.
##.#..@†......
.##.###.##..........
....$.............#≈
..................≈≈
..................≈≈
..................≈≈
.........†........##
..................≈#
..................≈#


You could see an eight-headed hydra (burning, combustible) and 2 yaks.

Vanquished Creatures
  A hydra (Lair:4)
  2 catoblepae
  2 two-headed ogres
  Amaemon (D:8)
  A bog body (Lair:3)
  An orc knight (D:12)
  A cyclops (D:12)
  A black mamba (Lair:3)
  6 cane toads
  An orange demon (D:8)
  2 gargoyles
  3 komodo dragons
  3 trolls
  A polar bear (Lair:3)
  3 blink frogs (Lair:1)
  A hornet (D:10)
  4 slime creatures (D:12)
  Sigmund (D:3)
  2 shadows
  43 yaks
  2 basilisks
  2 steam dragons
  Menkaure (D:5)
  3 vampire mosquitoes (D:10)
  2 nagas (Lair:2)
  A swamp worm (Lair:4)
  6 water moccasins
  9 orc warriors
  A swamp drake (Lair:4)
  2 black bears
  2 ice beasts
  A sky beast (D:6)
  An ogre (D:5)
  3 centaurs
  37 wolves
  2 kobold brigands
  6 bullfrogs
  3 gnoll sergeants
  10 scorpions
  2 necrophages
  12 wights
  4 killer bees (D:9)
  6 howler monkeys
  7 orc priests
  5 gnoll shamans
  A human zombie (Ossuary)
  3 jellies
  3 iguanas
  Jessica (D:2)
  Ijyb (D:2)
  4 scorpion zombies (Ossuary)
  6 orc wizards
  3 mummies (Ossuary)
  39 gnolls
  8 adders
  A shadow imp (D:6)
  4 ufetubi
  2 worms
  4 dart slugs
  58 orcs
  10 ball pythons
  5 endoplasms
  3 giant cockroaches
  10 goblins
  7 hobgoblins
  5 jackals (D:4)
  13 kobolds
  4 quokkas
  3 bats
  3 frilled lizards
  A goblin zombie (Ossuary)
  2 kobold zombies (Ossuary)
  An orc zombie (Ossuary)
  2 rats
  A spectral goblin (D:7)
  A bush (Lair:2)
  A butterfly (Lair:3)
420 creatures vanquished.

Vanquished Creatures (collateral kills)
  2 foxfires
2 creatures vanquished.

Vanquished Creatures (others)
  A bush (Lair:2)
  1070 foxfires
  25 fungi
  48 plants
1144 creatures vanquished.

Grand Total: 1566 creatures vanquished

Notes
Turn   | Place    | Note
-------+----------+-------------------------------------------
     0 | D:1      | kae the Demigod Fire Elementalist began the quest for the
                  | Orb.
     0 | D:1      | Reached XP level 1. HP: 14/14 MP: 5/5
   140 | D:1      | Reached skill level 1 in Conjurations
   409 | D:1      | Reached XP level 2. HP: 22/22 MP: 5/7
  1157 | D:2      | Identified a scroll of acquirement
  1157 | D:2      | Acquired 748 gold pieces
  1303 | D:2      | Reached XP level 3. HP: 5/27 MP: 0/8
  1763 | D:2      | Learned a level 2 spell: Scorch
  1896 | D:2      | Noticed Jessica
  1901 | D:2      | Killed Jessica
  1902 | D:2      | Reached skill level 1 in Fighting
  2162 | D:2      | Reached XP level 4. HP: 35/35 MP: 1/9
  2519 | D:3      | Noticed Sigmund
  2525 | D:3      | Killed Sigmund
  2526 | D:3      | Reached XP level 5. HP: 30/41 MP: 1/11
  2608 | D:3      | Noticed Ijyb
  2621 | D:2      | Killed Ijyb
  3516 | D:3      | Identified the +1 robe "Juvin" {rPois rN+}
  3850 | D:3      | Found a runed translucent door.
  3851 | D:3      | Noticed Crazy Yiuf
  4125 | D:4      | Learned a level 3 spell: Conjure Flame
  4129 | D:4      | Learned a level 3 spell: Inner Flame
  4187 | D:4      | Reached XP level 6. HP: 48/48 MP: 8/12
  4282 | D:4      | Found a runed translucent gate.
  4283 | D:4      | Found a runed translucent gate.
  4283 | D:4      | Found a runed translucent gate.
  4622 | D:4      | Noticed zkyp's ghost (weakling DgDe)
  4973 | D:5      | Entered Level 5 of the Dungeon
  5184 | D:5      | Noticed a water moccasin
  5276 | D:4      | HP: 2/48 [gnoll/+0 flail[a gnoll sergeant] (8)]
  5680 | D:4      | Killed a water moccasin
  5681 | D:4      | Reached XP level 7. HP: 16/56 MP: 8/14
  6014 | D:5      | HP: 1/56 [gnoll/+0 halberd[a gnoll shaman] (9)]
  6376 | D:5      | Reached skill level 5 in Fire Magic
  7327 | D:5      | Reached XP level 8. HP: 63/63 MP: 9/16
  7351 | D:5      | Noticed Menkaure
  7356 | D:5      | Killed Menkaure
  7357 | D:5      | Reached skill level 5 in Conjurations
  7537 | D:5      | Found a staircase to the Ecumenical Temple.
  8476 | D:6      | Learned a level 4 spell: Flame Wave
  8648 | D:7      | Reached XP level 9. HP: 35/71 MP: 10/18
  8692 | D:7      | Found a sand-covered staircase.
  8699 | Ossuary  | Entered an ossuary
  9510 | D:7      | Reached skill level 5 in Dodging
 10194 | D:8      | Found Puedwuux's Antique Armour Shop.
 10210 | D:8      | Noticed an orange demon
 10223 | D:8      | Noticed Amaemon
 11106 | D:8      | Found Waefylaw's Distillery.
 11122 | D:8      | Found Lyeroubo's Antique Armour Shoppe.
 11217 | D:8      | Killed an orange demon
 11260 | D:8      | Bought a potion of degeneration for 12 gold pieces
 11262 | D:8      | Bought a potion of heal wounds for 60 gold pieces
 11262 | D:8      | Bought a potion of curing for 36 gold pieces
 11289 | D:8      | Noticed a catoblepas
 11315 | D:8      | Learned a level 2 spell: Blink
 11423 | D:8      | Reached skill level 5 in Spellcasting
 11597 | D:8      | Killed a catoblepas
 11598 | D:8      | Reached skill level 5 in Fighting
 11598 | D:8      | Reached XP level 10. HP: 38/81 MP: 16/21
 11987 | D:9      | Found a transporter.
 12220 | D:9      | Found Avvamoli's Jewellery Boutique.
 12261 | D:8      | Killed Amaemon
 12412 | D:8      | Found a staircase to the Lair.
 12905 | D:9      | Found a transporter.
 13378 | D:10     | Entered Level 10 of the Dungeon
 13387 | D:10     | Identified the +2 robe of the Trilobite {Will+ Dex+4
                  | Slay+3}
 13817 | D:10     | Noticed a two-headed ogre
 13831 | D:10     | Killed a two-headed ogre
 13893 | D:10     | Found a large runed translucent door.
 13894 | D:10     | Found a large runed translucent door.
 13942 | D:10     | Reached XP level 11. HP: 75/89 MP: 18/23
 15640 | D:11     | Found Roinaim's Antique Weapon Emporium.
 15646 | D:11     | Bought an iridescent scimitar for 234 gold pieces
 15646 | D:11     | Identified the +5 scimitar of the Lonely Lovers {vorpal,
                  | rC+ rN+ Will++} (You bought it in a shop on level 11 of the
                  | Dungeon)
 15754 | D:11     | You fall into a shaft and drop 1 floor!
 15828 | D:12     | Noticed a two-headed ogre
 15833 | D:12     | Killed a two-headed ogre
 16183 | D:12     | Noticed an orc knight
 16212 | D:12     | Killed an orc knight
 16237 | D:11     | HP: 4/91 [orc warrior/+0 dire flail (9)]
 16238 | D:11     | Found a runed translucent door.
 16238 | D:11     | Noticed Duga's ghost (journeyman DsFi)
 17196 | D:12     | Found a staircase to the Orcish Mines.
 17287 | D:12     | Reached skill level 10 in Fire Magic
 17635 | D:12     | Noticed a boulder beetle
 17943 | Lair:1   | Entered Level 1 of the Lair of Beasts
 18313 | Lair:1   | Found a transporter.
 18316 | Lair:1   | Noticed a swamp dragon
 18389 | Lair:1   | Found a transporter.
 18955 | Lair:2   | Reached skill level 10 in Conjurations
 19052 | Lair:2   | Found a staircase to the Snake Pit.
 19262 | Lair:2   | Reached XP level 12. HP: 39/100 MP: 16/26
 19316 | Lair:2   | Learned a level 4 spell: Sticky Flame
 20668 | Lair:2   | Reached XP level 13. HP: 105/105 MP: 28/28
 21650 | Lair:3   | Found a staircase to the Swamp.
 22796 | Lair:4   | HP: 2/107 [eight-headed hydra (8)]
 22796 | Lair:4   | Slain by an eight-headed hydra

Illustrated notes

Levels and vault maps discovered:
D:1:      dpeg_arrival_tiny_b, layout_loops_ring
D:2:      layout_loops_ring, shapermc_ecumenical_altar_totnotflames,
          basic_altar, uniq_jessica
D:3:      layout_basic, moated_statue, uniq_ijyb, uniq_sigmund,
          uniq_crazy_yiuf_cottage
D:4:      layout_loops_cross, amcnicky_altar_gilded,
          mainiacjoe_overflow_alcove_4, gammafunk_ghost_necromancy,
          kennysheep_doodads, minmay_fountain_box,
          chequers_serial_rivers_micro_e, minmay_misc_feat_chi
D:5:      layout_rooms, grunt_dithmenos_smoke, minmay_temple_entry_fiery,
          uniq_menkaure
D:6:      layout_rooms, minivault_26
D:7:      layout_rooms, nicolae_hepliaklqana_monster_ancestors,
          chequers_ossuary_entry_cave
D:8:      layout_cave_pools, kennysheep_little_box, mainiacjoe_overflow_catwalk,
          grunt_lair_entry_orc_guard_hut, serial_shops, nicolae_shop_trees,
          nicolae_shop_waterfront, nicolae_shop_waterfront, special_room
          [special_room_orc], uniq_amaemon
D:9:      gammafunk_steamed_eel, layout_basic, mainiacjoe_overflow_24_doors,
          serial_shops, shop
D:10:     layout_irregular_city, jmf_multi_god_temple2,
          gammafunk_temple_overflow_claw
D:11:     layout_cave_pods, hellmonk_ghost_happy_afterlife, serial_shops,
          nicolae_shop_advertising_works [nicolae_subvault_shop_adworks]
D:12:     layout_rooms, david_orc_5, gammafunk_ghost_hydra_chop, uniq_jorgrun
Lair:1:   gammafunk_cloud_chamber, layout_hall_layers
Lair:2:   layout_long_grid, minmay_snake_entry_guardpost_small,
          small_statue_intersection, grunt_forest_stairs_basic,
          grunt_forest_large_clearings
Lair:3:   layout_chaotic_city, skrybe_swamp_entry_bodies, lemuel_fruit_fields
Lair:4:   onia_ninara_swampy_vault, layout_regular_city, enter_volcano_4,
          forest_entry_grove

Skill      XL: |  1  2  3  4  5  6  7  8  9 10 11 12 13 |
---------------+----------------------------------------+-----
Conjurations   | 1 2 3 4 6 7 8 10 11 | 11.0
Fire Magic     | 3 4 5 6 7 9 10 11 | 11.3
Dodging        | 2 3 4 5 6 7 8 |  8.0
Spellcasting   | 2 3 4 5 6 7 |  7.4
Fighting       | 1 2 3 4 5 7 |  7.7
Armour         | 6 |  6.5
Stealth        | |  1.7

Action                   |  1- 3 |  4- 6 |  7- 9 | 10-12 | 13-15 || total
-------------------------+-------+-------+-------+-------+-------++-------
Melee: Unarmed           |     2 |       |     6 |     9 |       ||    17
       Scimitar          |       |       |       |     7 |     9 ||    16
 Cast: Foxfire           |    61 |    75 |   187 |   237 |    61 ||   621
       Scorch            |     6 |    51 |   103 |    99 |    15 ||   274
       Conjure Flame     |       |     2 |     6 |     4 |     2 ||    14
       Flame Wave        |       |       |     9 |    45 |     5 ||    59
       Inner Flame       |       |       |     4 |     7 |    11 ||    22
       Blink             |       |       |       |     1 |       ||     1
       Sticky Flame      |       |       |       |       |     3 ||     3
  Use: Scroll            |     3 |     9 |    13 |     3 |     1 ||    29
       Potion            |       |     4 |       |     3 |       ||     7
Armor: Robe              |    12 |    13 |    74 |   105 |    37 ||   241
Dodge: Dodged            |    26 |    38 |   163 |   255 |    87 ||   569

Table legend: (Time is in decaauts)
 A = Elapsed time spent in this place.
 B = Non-inter-level travel time spent in this place.
 C = Inter-level travel time spent in this place.
 D = Time resting spent in this place.
 E = Time spent auto-exploring this place.
 F = Levels seen in this place.
 G = Mean time per level.
                   A        B        C        D        E       F      G
               +--------+--------+--------+--------+--------+-----+--------+
         Total |  22826 |  22106 |    720 |   2495 |  16289 |  17 | 1342.7 |
       Dungeon |  17360 |  16771 |    589 |   2456 |  11773 |  12 | 1446.7 |
          Lair |   4857 |   4726 |    131 |     39 |   4070 |   4 | 1214.2 |
       Ossuary |    608 |    608 |      0 |      0 |    446 |   1 |  608.0 |
               +--------+--------+--------+--------+--------+-----+--------+

Top non-repeatable levels by time:
     D:4: 2488 daAuts
     D:7: 1878 daAuts
    D:11: 1873 daAuts
  Lair:2: 1836 daAuts
     D:2: 1825 daAuts
  Lair:3: 1621 daAuts
    D:10: 1571 daAuts
     D:9: 1340 daAuts
     D:1: 1156 daAuts
     D:3: 1140 daAuts
     D:8: 1097 daAuts
    D:12: 1096 daAuts
     D:5: 1016 daAuts
  Lair:1: 936 daAuts
     D:6: 874 daAuts
